Map: Ulrena

Players

KainsBlade

  • Race: Zerg Zerg
  • League: Diamond

LilDicky - Winner!

  • Race: Terran Terran
  • League: Diamond

VOD

http://www.twitch.tv/tumescentpie

Description

Time

  • Played on: Dec. 11, 2015, 1:25 p.m.
  • Length: 6:27
Show
View Real Time Build Order
Export as new Build Order

KainsBlade Zerg 

Build Orders: Hatch First 

Get SALT Encoding   

  12  0:02  Drone  
  13  0:14  Overlord  
  13  0:21  Drone  
  14  0:34  Drone x2  
  16  0:39  Drone  
  17  0:55  Hatchery  
  16  0:58  Drone  
  17  1:12  Spawning Pool  
  17  1:16  Drone  
  17  1:19  Drone  
  17  1:23  Drone  
  19  1:32  Overlord  
  19  1:52  Drone x2  
  21  2:03  Zergling x2  
  21  2:04  Queen  
  24  2:12  Zergling x2  
  24  2:13  Queen  
  27  2:18  Drone  
  28  2:25  Drone x2  
  29  2:37  Overlord  
  29  2:40  Drone x2, Queen  
  33  2:49  Queen  
  35  2:56  Overlord  
  35  2:59  Drone x2  
  37  3:12  Overlord  
  37  3:14  Drone x2  
  37  3:18  Hatchery  
  38  3:24  Drone x6  
  44  3:37  Extractor  
  44  3:39  Roach Warren, Extractor  
  41  3:45  Drone x4  
  45  3:58  Drone x4  
  49  4:14  Hatchery, Drone x4  
  52  4:17  Extractor  
  52  4:18  Extractor  
  52  4:19  Overlord x2  
  52  4:21  Roach  
  52  4:22  Roach x2  
  56  4:34  Drone  
  56  4:35  Drone x2  
  59  4:47  Drone x6  
  59  4:48  Queen  
  67  5:12  Ravager x3  
  70  5:16  Roach x2  
  70  5:17  Roach  
  70  5:21  Overlord x4  
Show
View Real Time Build Order
Export as new Build Order

LilDicky Terran - Winner!

Build Orders: Liberator Opening 

Get SALT Encoding   

  12  0:04  SCV  
  13  0:16  SCV  
  13  0:20  Supply Depot  
  14  0:28  SCV  
  15  0:30  Refinery  
  15  0:42  SCV  
  16  0:46  Barracks  
  16  0:54  SCV  
  17  1:06  SCV  
  18  1:18  SCV  
  19  1:30  SCV  
  21  1:32  Reaper  
  21  1:41  Command Center  
  21  1:51  Orbital Command  
  21  2:01  Refinery  
  21  2:04  Factory  
  21  2:11  Marine  
  22  2:17  SCV  
  23  2:35  Refinery  
  23  2:50  Armory  
  23  2:53  SCV, Starport, Marine  
  23  2:57  Supply Depot  
  26  3:01  Orbital Command  
  25  3:07  SCV  
  25  3:09  Factory Tech Lab  
  26  3:13  Marine  
  26  3:19  Liberator  
  28  3:37  SCV  
  31  3:50  Thor  
  31  3:52  SCV  
  31  3:54  SCV  
  39  3:59  Marine  
  40  4:07  SCV  
  40  4:08  SCV  
  42  4:10  Supply Depot  
  42  4:14  Liberator  
  42  4:17  Marine  
  42  4:19  SCV  
  42  4:20  SCV  
  45  4:33  SCV, Supply Depot x2  
  49  4:48  SCV  
  49  4:49  SCV  
  51  4:54  Thor, Marine  
  51  4:59  Supply Depot  
  58  5:09  SCV x2  
  59  5:26  Liberator  
  59  5:41  Thor  
  59  5:47  SCV x2  
  59  5:49  Command Center  
  59  5:55  Marine  
  59  5:59  SCV x2  
  59  6:01  Barracks  
  59  6:02  Barracks  
  59  6:03  Supply Depot, Barracks  
  59  6:11  SCV  
Tags
 
Add a new tag
Caveats
  • Supply blocks, unpowered buildings, or Contaminate may cause inaccurate times.
  • Supply counts are checked every 10 seconds.